 Dungeon Crawl Stone Soup version 0.31-a0-263-ge8cad7f256 (webtiles) character file.

Game seed: 701356450894839098

233 qw the Shooter (level 6, -1/37 HPs)
             Began as a Gargoyle Hexslinger on July 13, 2023.
             Slain by an orc
             ... wielding a +0 hand axe
              (5 damage)
             ... on level 4 of the Dungeon.
             The game lasted 00:00:55 (2244 turns).

qw the Shooter (Gargoyle Hexslinger)                Turns: 2244, Time: 00:00:55

Health: -1/37      AC:  9    Str: 12    XL:     6   Next: 5%
Magic:  7/7        EV: 10    Int: 13    God:
Gold:   169        SH:  0    Dex: 14    Spells: 6/7 levels left

rFire   . . .        Y - +2 sling
rCold   . . .        (no shield)
rNeg    + . .        d - +0 ring mail
rPois   inf          (no helmet)
rElec   +            (no cloak)
rCorr   .            (no gloves)
SInv    .            (no boots)
Will    .....        (no amulet)
Stlth   +            (no ring)
HPRegen 0.26/turn    (no ring)
MPRegen 0.10/turn

%: no passive effects
@: no status effects
A: sickness immunity, AC +4, negative energy resistance 1, electricity
resistance, torment resistance 1, petrification resistance
a: no special abilities


You were on level 4 of the Dungeon.
You visited 1 branch of the dungeon, and saw 4 of its levels.

You collected 169 gold pieces.


Innate Abilities, Weirdness & Mutations

You are immune to sickness and miasma.
Your stone body is resilient. (AC +4)
You are immune to poison.
You resist negative energy. (rN+)
You are resistant to electric shocks. (rElec)
You are resistant to unholy torment.
You are immune to petrification.


   Skills:
 - Level 3.1 Fighting
 + Level 5.2 Ranged Weapons
 - Level 1.0 Armour
 - Level 1.5 Dodging
 - Level 1.0 Spellcasting
 - Level 2.6 Hexes


You had 6 spell levels left.
You knew the following spells:

 Your Spells              Type           Power      Damage    Failure   Level
a - Slow                  Hex            28%        N/A       22%         1

Your spell library contained the following spells:

 Spells                   Type           Power      Damage    Failure   Level
 Inner Flame              Hex/Fire       4%         N/A       73%         3
 Portal Projectile        Hex/Tloc       8%         N/A       73%         3
 Cause Fear               Hex            3%         N/A       91%         4

Inventory:

Hand Weapons
 Y - a +2 sling (weapon)
Armour
 d - a +0 ring mail (worn)
Jewellery
 h - an amulet of magic regeneration
Scrolls
 a - a scroll of identify
 b - a scroll of immolation {unknown}
 k - a scroll of vulnerability {unknown}
 l - a scroll of revelation {unknown}
Potions
 c - 2 potions of curing {unknown}
 g - a potion of mutation {unknown}
 i - a potion of invisibility {unknown}
 j - a potion of attraction {unknown}

Dungeon Overview and Level Annotations

Branches:
Dungeon (4/15)
 Temple: D:4-7

Altars:
Ashenzari
Cheibriados
Qazlal
Yredelemnul


Message History

The orc wizard is almost dead.
The orc wizard hits you with a +0 dagger.
The orc hits you with a +0 hand axe.
The orc priest calls upon Beogh to heal the orc wizard.
The orc wizard is healed somewhat.
The orc wizard barely misses you. The orc hits you but does no damage.
You shoot a sling bullet. The sling bullet hits the orc wizard.
The orc wizard is severely wounded.
The orc hits you with a +0 hand axe. The orc wizard barely misses you.
You shoot a sling bullet.
The sling bullet closely misses the orc wizard.
The sling bullet closely misses the orc priest.
The orc wizard closely misses you. The orc hits you but does no damage.
You shoot a sling bullet. The sling bullet hits the orc wizard.
You kill the orc wizard!
The orc hits you with a +0 hand axe.
You have reached level 6!
You shoot a sling bullet.
The sling bullet hits the orc priest but does no damage.
The orc priest is lightly wounded.
The orc priest hits you with a +0 dagger.
The orc closely misses you. The orc hits you but does no damage.
The orc priest hits you with a +0 dagger.
You shoot a sling bullet. The sling bullet hits the orc priest.
The orc priest is moderately wounded.
The orc priest hits you with a +0 dagger.
The orc barely misses you.
You shoot a sling bullet. The sling bullet hits the orc priest.
The orc priest is moderately wounded.
The orc priest barely misses you. The orc barely misses you.
You shoot a sling bullet. The sling bullet hits the orc priest.
The orc priest is severely wounded.
The orc priest invokes the aid of Beogh against you.
You barely resist. The orc hits you but does no damage.
You shoot a sling bullet.
The sling bullet barely misses the orc priest.
The orc priest invokes the aid of Beogh against you.
Beogh smites you! The orc hits you but does no damage.
The orc hits you with a +0 hand axe.
You die...

#.# #.##.# #. #.#
#.##.# ## #.######.##.#
#...........#
########.####
o.#######.#
.oo.......#############
##.##oo...............
#@################ #.#
..# ####


You could see an orc priest and an orc.

Vanquished Creatures
  A kobold brigand (D:4)
  Jessica (D:2)
  An orc wizard (D:4)
  3 adders
  2 gnolls (D:4)
  A white imp (D:4)
  An ufetubus (D:4)
  2 dart slugs
  2 orcs (D:3)
  3 bats
  10 endoplasms
  2 giant cockroaches (D:3)
  7 goblins
  2 hobgoblins
  A quokka (D:1)
  6 ball pythons
  4 frilled lizards
  3 kobolds
  4 rats
56 creatures vanquished.

Notes
Turn   | Place    | Note
-------+----------+-------------------------------------------
     0 | D:1      | qw the Gargoyle Hexslinger began the quest for the Orb.
     0 | D:1      | Reached XP level 1. HP: 12/12 MP: 2/2
     0 | D:1      | 0 ||| qw: Version: 0.3-a-52-g30416fa
     0 | D:1      | 0 ||| qw: Game counter: 7490
     0 | D:1      | 0 ||| qw: Melee chars always use a shield: true
     0 | D:1      | 0 ||| qw: God list: Okawaru
     0 | D:1      | 0 ||| qw: Allow faded altars: false
     0 | D:1      | 0 ||| qw: Do Orc after clearing Dungeon:15 true
     0 | D:1      | 0 ||| qw: Do second Lair branch before Depths: true
     0 | D:1      | 0 ||| qw: Lair rune preference: random
     0 | D:1      | 0 ||| qw: Goals: Normal
     0 | D:1      | 0 ||| PLANNING D:1-11
   171 | D:1      | Reached XP level 2. HP: 16/16 MP: 3/3
   503 | D:1      | Reached skill level 3 in Ranged Weapons
   751 | D:1      | 751 ||| UPGRADING to +0 ring mail.
   761 | D:1      | 761 ||| DROPPING +0 robe.
   762 | D:1      | 762 ||| READING 3 scrolls labelled RIDAIRI WOSH.
   763 | D:1      | 763 ||| READING scroll labelled NISABR PAYSM.
   768 | D:1      | 768 ||| READING 2 scrolls of identify.
   768 | D:1      | 768 ||| IDENTIFYING orange potion
   769 | D:1      | 769 ||| DROPPING scroll of poison.
   820 | D:2      | Noticed Jessica
   824 | D:2      | Killed Jessica
   825 | D:2      | Reached XP level 3. HP: 22/22 MP: 4/4
   923 | D:2      | Reached XP level 4. HP: 27/27 MP: 5/5
  1173 | D:2      | 1173 ||| READING scroll labelled XEMAYQEIPS.
  1174 | D:2      | 1174 ||| READING 2 scrolls of identify.
  1174 | D:2      | 1174 ||| IDENTIFYING coppery potion
  1175 | D:2      | 1175 ||| DROPPING potion of degeneration.
  1269 | D:3      | Found a broken altar of Ashenzari.
  1401 | D:3      | Found a basalt altar of Yredelemnul.
  1542 | D:3      | Found a snail-covered altar of Cheibriados.
  1562 | D:3      | Reached skill level 4 in Ranged Weapons
  1651 | D:3      | Reached skill level 1 in Armour
  1732 | D:3      | Found a stormy altar of Qazlal.
  1800 | D:3      | 1800 ||| READING scroll labelled DOOROALARO.
  1801 | D:3      | 1801 ||| READING scroll labelled HOTUTRYMNAL.
  1802 | D:3      | 1802 ||| READING scroll labelled PADUFA LEUD.
  1803 | D:3      | 1803 ||| DRINKING 2 red potions.
  1804 | D:3      | 1804 ||| DROPPING potion of magic.
  1924 | D:4      | Reached XP level 5. HP: 23/31 MP: 6/6
  1960 | D:4      | Noticed a kobold brigand
  1975 | D:4      | Killed a kobold brigand
  2055 | D:4      | Reached skill level 5 in Ranged Weapons
  2151 | D:4      | HP: 8/32 [gnoll/+0 flail (4)]
  2152 | D:4      | Reached skill level 3 in Fighting
  2152 | D:4      | 2152 ||| READING scroll of teleportation.
  2153 | D:4      | 2153 ||| DRINKING 2 potions of heal wounds.
  2214 | D:4      | 2214 ||| Stepping ~*~*~tactically~*~*~ (outnumbered).
  2232 | D:4      | HP: 8/32 [orc wizard/+0 dagger (1)]
  2233 | D:4      | 2233 ||| DRINKING potion of heal wounds.
  2240 | D:4      | Reached XP level 6. HP: 22/37 MP: 7/7
  2244 | D:4      | HP: 4/37 [orc priest/divine providence (12)]
  2244 | D:4      | Slain by an orc

Levels and vault maps discovered:
D:1:      noname_arrival_rooms_in_the_neighbourhood, layout_loops_corners
D:2:      layout_rooms, uniq_jessica
D:3:      layout_basic, evilmike_ruin_ashenzari, mainiacjoe_overflow_swirl,
          mainiacjoe_overflow_catwalk
D:4:      layout_loops_ring, chequers_serial_rivers_small_a,
          kennysheep_generic_room_2

Skill      XL: |  1  2  3  4  5 |
---------------+----------------+-----
Ranged Weapons | 3 4 5 |  5.2
Fighting       | 2 3 |  3.1
Armour         | 1 |  1.0
Dodging        | |  1.5
Spellcasting   | |  1.0
Hexes          | |  2.6

Action                     |  1- 3 |  4- 6 || total
---------------------------+-------+-------++-------
   Fire: Sling             |    51 |   154 ||   205
    Use: Scroll            |     3 |     6 ||     9
         Potion            |       |     3 ||     3
 Armour: Ring mail         |     8 |    73 ||    81
  Dodge: Dodged            |     8 |    74 ||    82

Table legend:
 A = Non-vault XP
 B = Vault XP
 C = Vault XP percentage of total XP
 D = Non-vault monster count
 E = Vault monster count
 F = Vault count percentage of total count
                 A         B        C        D         E       F
            +---------+---------+-------+---------+---------+-------
      Total |     297 |      37 |  11.1 |      55 |       1 |   1.8
            +---------+---------+-------+---------+---------+-------
        D:1 |      24 |       0 |   0.0 |      14 |       0 |   0.0
        D:2 |      35 |      37 |  51.4 |      13 |       1 |   7.1
        D:3 |      53 |       0 |   0.0 |      16 |       0 |   0.0
        D:4 |     185 |       0 |   0.0 |      12 |       0 |   0.0
            +---------+---------+-------+---------+---------+-------
